 Dungeon Crawl Stone Soup version 0.29-a0-977-g7483850d73 (webtiles) character file.

Game seed: 11825537395066457434

3410 IndexError the Frost Mage (level 10, -9/70 (73) HPs)
             Began as a Gnoll Ice Elementalist on May 23, 2022.
             Was an Initiate of Ashenzari.
             Mangled by a komodo dragon (22 damage)
             ... on level 7 of the Dungeon on Aug 1, 2022.
             The game lasted 00:19:07 (9271 turns).

IndexError the Frost Mage (Gnoll Ice Elementalist)  Turns: 9271, Time: 00:19:08

HP:   -9/70 (73)    AC: 17    Str:  7    XL:     10   Next: 4%
MP:   15/20         EV: 12    Int: 19    God:    Ashenzari [......]
Gold: 371           SH:  0    Dex: 13    Spells: 15/23 levels left

rFire   . . .      SeeInvis .   J - +5 long sword (freeze)
rCold   + . .      Faith    .   (no shield)
rNeg    . . .      Spirit   .   O - +2 ring mail {rPois}
rPois   +          Reflect  .   (no helmet)
rElec   .          Harm     .   B - +2 cloak {rPois}
rCorr   +          Rampage  .   s - +0 pair of gloves
Will    .....                   (no boots)
Stlth   +++.......              u - amulet of regeneration {+regen, !d}
HPRegen 1.01/turn               h - ring of resist corrosion
MPRegen 0.17/turn               o - ring of protection from cold {rC+, !d}

@: ice-armoured, lightly drained
A: fangs 1, strong nose, distributed training
a: Renounce Religion, Curse Item


You were on level 7 of the Dungeon.
You worshipped Ashenzari.
Ashenzari was noncommittal.
You visited 2 branches of the dungeon, and saw 8 of its levels.

You collected 371 gold pieces.

Inventory:

Hand Weapons
 J - a +5 long sword of freezing (weapon)
   (You took it off a wight on level 7 of the Dungeon)
Missiles
 g - 6 curare-tipped darts
 K - a throwing net {=f, !d}
Armour
 s - a +0 pair of gloves (worn)
   (You found it on level 2 of the Dungeon)
 B - a +2 cloak of poison resistance (worn)
   (You took it off Crazy Yiuf on level 6 of the Dungeon)
 D - the +2 robe "Plog" {rElec rN+ Int-2}
   (You found it on level 6 of the Dungeon)

   Int:       It affects your intelligence (-2).
   rElec:     It insulates you from electricity.
   rN:        It protects you from negative energy.
 O - a +2 ring mail of poison resistance (worn)
   (You took it off an orc on level 5 of the Dungeon)
Magical Staves
 G - a staff of cold {rC+}
   (You found it on level 7 of the Dungeon)
 U - a staff of conjuration {!a}
   (You found it on level 6 of the Dungeon)
Jewellery
 a - a ring of positive energy {rN+}
   (You found it on level 7 of the Dungeon)
 h - a ring of resist corrosion (left hand)
   (You found it on level 1 of the Dungeon)
 o - a ring of protection from cold (right hand) {rC+, !d}
   (You found it on level 2 of the Dungeon)
 u - an amulet of regeneration (around neck) {+regen, !d}
   (You found it on level 6 of the Dungeon)
 V - an amulet of the acrobat
   (You found it on level 6 of the Dungeon)
Wands
 r - a wand of charming (3)
   (You found it on level 6 of the Dungeon)
 R - a wand of flame (12)
   (You found it on level 5 of the Dungeon)
Scrolls
 e - 11 scrolls of teleportation {unknown}
 i - 4 scrolls of noise {unknown}
 j - 6 scrolls of identify {unknown}
 n - a scroll of enchant weapon {unknown}
 q - a scroll of brand weapon {unknown}
 x - a scroll of magic mapping {unknown}
 y - a scroll of blinking {unknown}
 A - a scroll of vulnerability {unknown}
 F - a scroll of amnesia {unknown}
 N - a scroll of enchant armour {unknown}
 Q - a scroll of silence {unknown}
 T - a scroll of torment {unknown}
Potions
 b - 2 potions of magic
 c - 2 potions of degeneration {unknown}
 d - 3 potions of invisibility {unknown}
 k - a potion of cancellation {unknown}
 l - 2 potions of haste {unknown}
 m - 4 potions of mutation {unknown}
 p - 2 potions of attraction {unknown}
 w - 4 potions of heal wounds {unknown}
 z - a potion of berserk rage {unknown}
 E - a potion of resistance {unknown}
 H - a potion of might {unknown}
 I - a potion of curing {unknown}
 P - 2 potions of lignification {unknown}


   Skills:
 + Level 4.9 Fighting
 + Level 4.9 Short Blades
 + Level 4.9 Long Blades
 + Level 4.9 Axes
 + Level 4.9 Maces & Flails
 + Level 4.9 Polearms
 + Level 4.9 Staves
 + Level 4.9 Ranged Weapons
 + Level 4.9 Throwing
 + Level 4.9 Armour
 + Level 6.7 Dodging
 + Level 6.5 Stealth
 + Level 4.9 Shields
 + Level 4.9 Unarmed Combat
 + Level 7.1 Spellcasting
 + Level 4.0 Conjurations
 + Level 4.0 Hexes
 + Level 4.0 Summonings
 + Level 4.0 Necromancy
 + Level 4.0 Translocations
 + Level 4.0 Transmutations
 + Level 4.0 Fire Magic
 + Level 8.2 Ice Magic
 + Level 4.0 Air Magic
 + Level 4.0 Earth Magic
 + Level 4.0 Poison Magic
 + Level 5.3 Invocations
 + Level 4.9 Evocations


You had 15 spell levels left.
You knew the following spells:

 Your Spells              Type           Power      Damage    Failure   Level
a - Freeze                Ice            100%       1d11      1%          1
b - Frozen Ramparts       Ice            76%        1d9       3%          3
c - Necrotise             Necr           88%        1d8       6%          1
A - Ozocubu's Armour      Ice            38%        N/A       3%          3

Your spell library contained the following spells:

 Spells                   Type           Power      Damage    Failure   Level
 Scorch                   Fire           44%        2d7       9%          2
 Vampiric Draining        Necr           22%        2d7       19%         3
 Hailstorm                Conj/Ice       30%        3d8       24%         4
 Cause Fear               Hex            11%        N/A       52%         4
 Flame Wave               Conj/Fire      22%        2d8       52%         4
 Agony                    Necr           22%        N/A       86%         5
 Summon Cactus Giant      Summ           11%        N/A       100%        6
 Dragon Form              Tmut           11%        N/A       100%        7
 Dragon's Call            Summ           11%        N/A       100%        9


Dungeon Overview and Level Annotations

Branches:
Dungeon (7/15)             Temple (1/1) D:6

Altars:
Ashenzari
Cheibriados
Dithmenos
Elyvilon
Fedhas
Gozag
Hepliaklqana
Kikubaaqudgha
Makhleb
Nemelex Xobeh
Okawaru
Qazlal
Ru
Sif Muna
Trog
Uskayaw
Vehumet
Wu Jian
Xom
Yredelemnul
Zin
The Shining One

Shops:
D:5 (


Innate Abilities, Weirdness & Mutations

You have very sharp teeth.
Your uncanny sense of smell can sniff out nearby items.
Your experience applies equally to all skills.


Message History

Your Poison Magic skill increases to level 4!
Warning x2: The wight can drain you in melee! x2
You slash the wight! Your bite misses the wight.
The wight completely resists.
The wall freezes the wight but does no damage.
The wight hits you with a +2 war axe!
The wight resists.
The wall freezes the wight.
The wight barely misses you.
You take 6 damage, and have 58/70 hp.
You hit the wight.
The wight resists.
The wall freezes the wight.
The wight resists.
The wall freezes the wight.
The wight hits you with a +0 great sword.
You feel drained.
Spoiler Alert: The wight can drain you in melee!
You take 6 damage, and have 52/69 hp.
You hit the wight.
The wight completely resists.
The wall freezes the wight but does no damage.
The wight hits you but does no damage.
You regained 2 hp, and now have 54/69 hp.
You hit the wight but do no damage. You bite the wight, but do no damage.
The frozen ramparts melt away.
The wight barely misses you.
Spoiler Alert: The wight can drain you in melee!
You slash the wight!
No target in view!
No target in view!
HP restored.
Magic restored.
Your icy armour cracks and falls away as you move.
Things that are here:
a +2 war axe; a +0 robe; Health restored: 70; MP restored: 20
Items here: )) [[.
You see here a +0 ring mail.
You see here a +0 shortbow.
You enter the shallow water.
Moving in this stuff is going to be slow.
A komodo dragon comes into view.
The komodo dragon hisses angrily.
Spoiler Alert: The komodo dragon can hit for high damage in melee!
Unknown command.
Unknown command.
Casting: Frozen Ramparts (dangerous; 3% risk of failure)
Confirm with . or Enter, or press ? or * to list all spells.
Aiming: Necrotise (safe; 6% risk of failure)
Press: ? - help, Shift-Dir - straight line, f - komodo dragon
Aim: a komodo dragon (chance to affect: 67%)
You miscast Necrotise.
You are very lightly contaminated with residual magic.
Nothing appears to happen.
Spoiler Alert: The komodo dragon can hit for high damage in melee!
You now have 19/20 mp.
You hit the komodo dragon. You freeze the komodo dragon.
The komodo dragon bites you!!
You take 18 damage, and have 52/70 hp.
MASSIVE DAMAGE!!
You closely miss the komodo dragon.
You bite the komodo dragon, but do no damage.
The komodo dragon misses you.
Spoiler Alert: The komodo dragon can hit for high damage in melee!
You regained 2 hp, and now have 54/70 hp.
You hit the komodo dragon.
The komodo dragon seems to slow down.
You freeze the komodo dragon. Your bite misses the komodo dragon.
The komodo dragon bites you!!
Spoiler Alert: The komodo dragon (slow) can hit for high damage in melee!
You take 17 damage, and have 37/70 hp.
MASSIVE DAMAGE!!
MP restored: 20 You are too injured to fight recklessly!
Spoiler Alert: The komodo dragon (slow) can hit for high damage in melee!
Casting: Necrotise (safe; 6% risk of failure)
Confirm with . or Enter, or press ? or * to list all spells.
A film of ice covers your body! The komodo dragon barely misses you.
Spoiler Alert: The komodo dragon (slow) can hit for high damage in melee!
You now have 17/20 mp.
Casting: Ozocubu's Armour (dangerous; 3% risk of failure)
Confirm with . or Enter, or press ? or * to list all spells.
Aiming: Necrotise (safe; 6% risk of failure)
Press: ? - help, Shift-Dir - straight line, f/p - komodo dragon
Aim: a komodo dragon (lightly wounded, slow, chance to affect: 67%)
The komodo dragon writhes in agony.
The komodo dragon is no longer moving slowly.
Your magical contamination has completely faded away.
Spoiler Alert: The komodo dragon can hit for high damage in melee!
You now have 16/20 mp.
Casting: Necrotise (safe; 6% risk of failure)
Confirm with . or Enter, or press ? or * to list all spells.
Aiming: Necrotise (safe; 6% risk of failure)
Press: ? - help, Shift-Dir - straight line, f/p - komodo dragon
Aim: a komodo dragon (lightly wounded, chance to affect: 67%)
The komodo dragon writhes in agony.
The komodo dragon bites you!
Spoiler Alert: The komodo dragon can hit for high damage in melee!
You take 11 damage, and have 28/70 hp.
You now have 15/20 mp.
You are too injured to fight recklessly!
You are too injured to fight recklessly!
Unknown command.
You hit the komodo dragon.
The komodo dragon seems to slow down.
You freeze the komodo dragon.
You bite the komodo dragon, but do no damage.
The komodo dragon bites you!
* * * LOW HITPOINT WARNING * * *
Spoiler Alert: The komodo dragon (slow) can hit for high damage in melee!
You take 16 damage, and have 12/70 hp.
MASSIVE DAMAGE!!
You slash the komodo dragon!
The komodo dragon seems to slow down.
You freeze the komodo dragon. The komodo dragon bites you!!
You die...

..≈≈.≈≈...................###....
####..######.##.########.........
#.........##.# #.####....
############.# #.# #..). #.# #.#
##### #.# #.# #.# #.#
#.########.# #.@l.......#
############


You could see a komodo dragon (slow).

Vanquished Creatures
  An ugly thing (D:7)
  Joseph (D:7)
  Grinder (D:3)
  Prince Ribbit (D:5)
  A steam dragon (D:7)
  Edmund (D:4)
  A water moccasin (D:6)
  A black bear (D:6)
  2 centaurs
  A kobold brigand (D:4)
  2 bullfrogs (D:7)
  2 scorpions (D:5)
  10 wights
  3 electric eels (D:7)
  4 crimson imps (D:5)
  A hound (D:5)
  An orc priest (D:7)
  Crazy Yiuf (D:6)
  A gnoll bouda (D:4)
  A jelly (D:7)
  3 iguanas (D:5)
  5 orc wizards
  10 gnolls
  8 adders
  3 white imps
  2 worms
  6 dart slugs
  24 orcs
  6 ball pythons
  7 bats
  3 endoplasms (D:4)
  5 giant cockroaches
  7 hobgoblins
  4 jackals (D:3)
  2 kobolds
  5 quokkas
  A frilled lizard (D:3)
  3 goblins
141 creatures vanquished.

Vanquished Creatures (collateral kills)
  2 dart slugs (D:7)
2 creatures vanquished.

Vanquished Creatures (others)
  A shadow imp (D:7)
  A dart slug (D:7)
2 creatures vanquished.

Grand Total: 145 creatures vanquished

Notes
Turn   | Place    | Note
-------+----------+-------------------------------------------
     0 | D:1      | IndexError the Gnoll Ice Elementalist began the quest for
                  | the Orb.
     0 | D:1      | Reached XP level 1. HP: 13/13 MP: 6/6
   287 | D:1      | Found a faded altar of an unknown god.
   764 | D:1      | Reached XP level 2. HP: 19/19 MP: 5/7
  1512 | D:2      | Reached skill level 5 in Spellcasting
  1512 | D:2      | Reached XP level 3. HP: 23/25 MP: 4/9
  1516 | D:2      | Learned a level 3 spell: Frozen Ramparts
  1520 | D:2      | Learned a level 3 spell: Ozocubu's Armour
  1729 | D:2      | Found a blossoming altar of Fedhas.
  1738 | D:2      | Reached skill level 1 in Invocations
  1741 | D:2      | Reached skill level 1 in Fighting
  1741 | D:2      | Reached skill level 1 in Short Blades
  1741 | D:2      | Reached skill level 1 in Long Blades
  1741 | D:2      | Reached skill level 1 in Axes
  1741 | D:2      | Reached skill level 1 in Maces & Flails
  1741 | D:2      | Reached skill level 1 in Polearms
  1741 | D:2      | Reached skill level 1 in Staves
  1741 | D:2      | Reached skill level 1 in Slings
  1741 | D:2      | Reached skill level 1 in Ranged Weapons
  1741 | D:2      | Reached skill level 1 in Crossbows
  1741 | D:2      | Reached skill level 1 in Throwing
  1741 | D:2      | Reached skill level 1 in Armour
  1741 | D:2      | Reached skill level 1 in Shields
  1741 | D:2      | Reached skill level 1 in Unarmed Combat
  1741 | D:2      | Reached skill level 1 in Evocations
  1747 | D:2      | Reached XP level 4. HP: 25/32 MP: 0/11
  2231 | D:3      | Reached skill level 1 in Conjurations
  2231 | D:3      | Reached skill level 1 in Hexes
  2231 | D:3      | Reached skill level 1 in Summonings
  2231 | D:3      | Reached skill level 1 in Necromancy
  2231 | D:3      | Reached skill level 1 in Translocations
  2231 | D:3      | Reached skill level 1 in Transmutations
  2231 | D:3      | Reached skill level 1 in Fire Magic
  2231 | D:3      | Reached skill level 1 in Air Magic
  2231 | D:3      | Reached skill level 1 in Earth Magic
  2231 | D:3      | Reached skill level 1 in Poison Magic
  2234 | D:3      | Noticed Grinder
  2243 | D:2      | HP: 8/32 [orc/+0 flail (7)]
  2245 | D:2      | Reached XP level 5. HP: 6/37 MP: 1/12
  2903 | D:3      | Paralysed by Grinder for 4 turns
  2912 | D:3      | Paralysed by Grinder for 5 turns
  2944 | D:3      | Killed Grinder
  2945 | D:3      | Reached skill level 2 in Fighting
  2945 | D:3      | Reached skill level 2 in Short Blades
  2945 | D:3      | Reached skill level 2 in Long Blades
  2945 | D:3      | Reached skill level 2 in Axes
  2945 | D:3      | Reached skill level 2 in Maces & Flails
  2945 | D:3      | Reached skill level 2 in Polearms
  2945 | D:3      | Reached skill level 2 in Staves
  2945 | D:3      | Reached skill level 2 in Slings
  2945 | D:3      | Reached skill level 2 in Ranged Weapons
  2945 | D:3      | Reached skill level 2 in Crossbows
  2945 | D:3      | Reached skill level 2 in Throwing
  2945 | D:3      | Reached skill level 2 in Armour
  2945 | D:3      | Reached skill level 5 in Dodging
  2945 | D:3      | Reached skill level 2 in Shields
  2945 | D:3      | Reached skill level 2 in Unarmed Combat
  2945 | D:3      | Reached skill level 2 in Invocations
  2945 | D:3      | Reached skill level 2 in Evocations
  2945 | D:3      | Reached XP level 6. HP: 29/44 MP: 3/14
  3878 | D:4      | Noticed Edmund
  3899 | D:4      | Killed Edmund
  3900 | D:4      | Reached XP level 7. HP: 22/51 MP: 8/15
  4129 | D:4      | Reached skill level 2 in Conjurations
  4129 | D:4      | Reached skill level 2 in Hexes
  4129 | D:4      | Reached skill level 2 in Summonings
  4129 | D:4      | Reached skill level 2 in Necromancy
  4129 | D:4      | Reached skill level 2 in Translocations
  4129 | D:4      | Reached skill level 2 in Transmutations
  4129 | D:4      | Reached skill level 2 in Fire Magic
  4129 | D:4      | Reached skill level 2 in Air Magic
  4129 | D:4      | Reached skill level 2 in Earth Magic
  4129 | D:4      | Reached skill level 2 in Poison Magic
  4521 | D:5      | Entered Level 5 of the Dungeon
  4646 | D:5      | Noticed Prince Ribbit
  4659 | D:5      | Reached skill level 5 in Stealth
  4659 | D:5      | Reached skill level 3 in Invocations
  4664 | D:5      | Killed Prince Ribbit
  4665 | D:5      | Reached XP level 8. HP: 36/57 MP: 5/16
  4666 | D:5      | Reached skill level 3 in Fighting
  4666 | D:5      | Reached skill level 3 in Short Blades
  4666 | D:5      | Reached skill level 3 in Long Blades
  4666 | D:5      | Reached skill level 3 in Axes
  4666 | D:5      | Reached skill level 3 in Maces & Flails
  4666 | D:5      | Reached skill level 3 in Polearms
  4666 | D:5      | Reached skill level 3 in Staves
  4666 | D:5      | Reached skill level 3 in Slings
  4666 | D:5      | Reached skill level 3 in Ranged Weapons
  4666 | D:5      | Reached skill level 3 in Crossbows
  4666 | D:5      | Reached skill level 3 in Throwing
  4666 | D:5      | Reached skill level 3 in Armour
  4666 | D:5      | Reached skill level 3 in Shields
  4666 | D:5      | Reached skill level 3 in Unarmed Combat
  4666 | D:5      | Reached skill level 3 in Evocations
  4674 | D:5      | Reached skill level 6 in Spellcasting
  5702 | D:5      | Found Ukogastory's Weapon Emporium.
  5911 | D:5      | Found a shimmering altar of Xom.
  6374 | D:6      | Reached skill level 3 in Conjurations
  6374 | D:6      | Reached skill level 3 in Hexes
  6374 | D:6      | Reached skill level 3 in Summonings
  6374 | D:6      | Reached skill level 3 in Necromancy
  6374 | D:6      | Reached skill level 3 in Translocations
  6374 | D:6      | Reached skill level 3 in Transmutations
  6374 | D:6      | Reached skill level 3 in Fire Magic
  6374 | D:6      | Reached skill level 3 in Air Magic
  6374 | D:6      | Reached skill level 3 in Earth Magic
  6374 | D:6      | Reached skill level 3 in Poison Magic
  6374 | D:6      | Reached skill level 4 in Invocations
  6628 | D:6      | Upgraded the game from 0.29-a0-473-gacb4ef3bc5 to
                  | 0.29-a0-477-g62b78b4225
  6674 | D:6      | Found a staircase to the Ecumenical Temple.
  6702 | D:6      | Found a runed translucent door.
  6703 | D:6      | Noticed Crazy Yiuf
  6795 | D:6      | Reached skill level 6 in Dodging
  6795 | D:6      | Reached XP level 9. HP: 42/65 MP: 16/18
  7348 | D:6      | Identified the +2 robe "Plog" {rElec rN+ Int-2}
  7447 | Temple   | Entered the Ecumenical Temple
  7510 | Temple   | Became a worshipper of Ashenzari the Shackled
  7696 | D:6      | Killed Crazy Yiuf
  7898 | D:7      | Reached skill level 4 in Fighting
  7898 | D:7      | Reached skill level 4 in Short Blades
  7898 | D:7      | Reached skill level 4 in Long Blades
  7898 | D:7      | Reached skill level 4 in Axes
  7898 | D:7      | Reached skill level 4 in Maces & Flails
  7898 | D:7      | Reached skill level 4 in Polearms
  7898 | D:7      | Reached skill level 4 in Staves
  7898 | D:7      | Reached skill level 4 in Slings
  7898 | D:7      | Reached skill level 4 in Ranged Weapons
  7898 | D:7      | Reached skill level 4 in Crossbows
  7898 | D:7      | Reached skill level 4 in Throwing
  7898 | D:7      | Reached skill level 4 in Armour
  7898 | D:7      | Reached skill level 4 in Shields
  7898 | D:7      | Reached skill level 4 in Unarmed Combat
  7898 | D:7      | Reached skill level 4 in Evocations
  8343 | D:7      | Identified the +0 robe "Haixaf" {rPois Regen+}
  8460 | D:7      | Noticed a green ugly thing
  8475 | D:7      | Reached skill level 6 in Stealth
  8475 | D:7      | Reached skill level 8 in Ice Magic
  8506 | D:7      | Killed a green ugly thing
  8684 | D:7      | Noticed Joseph
  8699 | D:7      | Killed Joseph
  8700 | D:7      | Reached skill level 5 in Invocations
  8918 | D:7      | Reached skill level 7 in Spellcasting
  9071 | D:7      | Reached skill level 6 in Slings
  9071 | D:7      | Reached skill level 6 in Crossbows
  9071 | D:7      | Upgraded the game from 0.29-a0-477-g62b78b4225 to
                  | 0.29-a0-977-g7483850d73
  9084 | D:7      | Learned a level 1 spell: Necrotise
  9103 | D:7      | Reached XP level 10. HP: 73/73 MP: 20/20
  9153 | D:7      | Reached skill level 4 in Conjurations
  9153 | D:7      | Reached skill level 4 in Hexes
  9153 | D:7      | Reached skill level 4 in Summonings
  9153 | D:7      | Reached skill level 4 in Necromancy
  9153 | D:7      | Reached skill level 4 in Translocations
  9153 | D:7      | Reached skill level 4 in Transmutations
  9153 | D:7      | Reached skill level 4 in Fire Magic
  9153 | D:7      | Reached skill level 4 in Air Magic
  9153 | D:7      | Reached skill level 4 in Earth Magic
  9153 | D:7      | Reached skill level 4 in Poison Magic
  9270 | D:7      | HP: 12/70 [komodo dragon (17)]
  9271 | D:7      | Mangled by a komodo dragon

Illustrated notes

Levels and vault maps discovered:
D:1:      lightli_arrival_flooded_house, layout_loops_corners,
          shapermc_ecumenical_altar_ellora, minmay_tree_intersection,
          moated_statue
D:2:      layout_loops_cross, basic_altar, chequers_serial_rivers_micro_c,
          minmay_crystal_water
D:3:      layout_rooms, serial_rivers, chequers_serial_rivers_micro_c,
          chequers_serial_rivers_small_3, chequers_serial_rivers_large_b,
          chequers_serial_rivers_small_3, chequers_serial_rivers_room_b,
          uniq_grinder
D:4:      layout_loops_ring, uniq_edmund
D:5:      layout_basic, led_xom_imps, serial_shops, nicolae_shop_hallway_plus,
          uniq_prince_ribbit1
D:6:      layout_loops_corners, minmay_temple_entry_stoned_glass,
          chequers_serial_rivers_room_b, nicolae_fountain_basement,
          uniq_crazy_yiuf_cottage
D:7:      kennysheep_slugbush, layout_loops_ring, uniq_joseph
Temple:   grunt_wide_crystal_templ

Skill      XL: |  1  2  3  4  5  6  7  8  9 10 |
---------------+-------------------------------+-----
Spellcasting   | 5 6 7 |  7.1
Invocations    | 1 2 3 4 5 |  5.3
Fighting       | 1 2 3 4 |  4.9
Short Blades   | 1 2 3 4 |  4.9
Long Blades    | 1 2 3 4 |  4.9
Axes           | 1 2 3 4 |  4.9
Maces & Flails | 1 2 3 4 |  4.9
Polearms       | 1 2 3 4 |  4.9
Staves         | 1 2 3 4 |  4.9
Slings         | 1 2 3 6 |  0.0
Ranged Weapons | 1 2 3 4 |  4.9
Crossbows      | 1 2 3 6 |  0.0
Throwing       | 1 2 3 4 |  4.9
Armour         | 1 2 3 4 |  4.9
Shields        | 1 2 3 4 |  4.9
Unarmed Combat | 1 2 3 4 |  4.9
Evocations     | 1 2 3 4 |  4.9
Conjurations   | 1 2 3 4 |  4.0
Hexes          | 1 2 3 4 |  4.0
Summonings     | 1 2 3 4 |  4.0
Necromancy     | 1 2 3 4 |  4.0
Translocations | 1 2 3 4 |  4.0
Transmutations | 1 2 3 4 |  4.0
Fire Magic     | 1 2 3 4 |  4.0
Air Magic      | 1 2 3 4 |  4.0
Earth Magic    | 1 2 3 4 |  4.0
Poison Magic   | 1 2 3 4 |  4.0
Dodging        | 5 6 |  6.7
Stealth        | 5 6 |  6.5
Ice Magic      | 8 |  8.2

Action                   |  1- 3 |  4- 6 |  7- 9 | 10-12 || total
-------------------------+-------+-------+-------+-------++-------
Melee: Unarmed           |     7 |       |       |       ||     7
       Dagger            |     4 |    17 |       |       ||    21
       Short sword       |       |    52 |   196 |       ||   248
       Bite              |       |     7 |    26 |     3 ||    36
       Punch             |       |       |     7 |       ||     7
       Long sword        |       |       |     6 |    17 ||    23
Throw: Dart              |       |     6 |       |       ||     6
 Cast: Freeze            |    25 |    16 |    28 |       ||    69
       Frozen Ramparts   |     1 |    13 |    22 |     1 ||    37
       Ozocubu's Armour  |     1 |     6 |    11 |     2 ||    20
       Necrotise         |       |       |       |     2 ||     2
Evoke: Wand              |       |       |    14 |       ||    14
 Stab: Sleeping          |     3 |     5 |    13 |       ||    21
Armor: Robe              |     8 |    20 |    22 |       ||    50
       Ring mail         |       |       |    33 |     2 ||    35
Dodge: Dodged            |    23 |    67 |   102 |     8 ||   200

Table legend: (Time is in decaauts)
 A = Elapsed time spent in this place.
 B = Non-inter-level travel time spent in this place.
 C = Inter-level travel time spent in this place.
 D = Time resting spent in this place.
 E = Time spent auto-exploring this place.
 F = Levels seen in this place.
 G = Mean time per level.
                   A        B        C        D        E       F      G
               +--------+--------+--------+--------+--------+-----+--------+
         Total |   9230 |   8190 |   1040 |     20 |   6795 |   8 | 1153.8 |
       Dungeon |   9157 |   8138 |   1019 |     20 |   6760 |   7 | 1308.1 |
        Temple |     72 |     51 |     21 |      0 |     35 |   1 |   72.0 |
               +--------+--------+--------+--------+--------+-----+--------+

Top non-repeatable levels by time:
     D:6: 1866 daAuts
     D:5: 1495 daAuts
     D:1: 1342 daAuts
     D:2: 1228 daAuts
     D:7: 1132 daAuts
     D:3: 1069 daAuts
     D:4: 1022 daAuts
  Temple: 72 daAuts

Table legend:
 A = Kills in this place as a percentage of kills in entire the game.
 B = Kills by you in this place as a percentage of kills by you in the entire game.
 C = Kills by friends in this place as a percentage of kills by friends in the entire game.
 D = Other kills in this place as a percentage of other kills in the entire game.
 E = Experience gained in this place as a percentage of experience gained in the entire game.
 F = Experience gained in this place divided by the number of levels of this place that you have seen.
                   A       B       C       D       E      F
               +-------+-------+-------+-------+-------+----------------------
         Total | 100.0 | 100.0 | 100.0 |   N/A | 100.0 | 609.0
       Dungeon | 100.0 | 100.0 | 100.0 |   N/A | 100.0 | 696.0
               +-------+-------+-------+-------+-------+----------------------
